San Jose Sharks vs Montreal Canadiens
Created - Sunday, September 15, 2024 at 07:20
Goals
|
| San Jose Sharks |
1 |
1 |
3 |
0 |
5 |
| Montreal Canadiens |
1 |
3 |
1 |
1 |
6 |
|
Shots
|
| San Jose Sharks |
16 |
10 |
11 |
1 |
38 |
| Montreal Canadiens |
12 |
16 |
16 |
3 |
47 |
|
1st period
1. Montreal Canadiens , Patrik Laine 7 (Vincent Trocheck 18, Dylan Larkin 19) at 5:51
2. San Jose Sharks , Christian Dvorak 3 (Luke Kunin 10, Mike Hoffman 5) at 6:01
Penalties :
Dylan Larkin (MTL) for Tripping (Minor) at 0:25, Ilya Samsonov (SJS) for Slashing (Minor) at 6:11 - Ivan Barbashev served the penalty, Ilya Lyubushkin (MTL) for Fighting (Major) at 12:00, Adam Henrique (SJS) for Fighting (Major) at 12:00, Adam Fox (MTL) for Hooking (Minor) at 12:37
2nd period
3. Montreal Canadiens , Dylan Larkin 13 (Brady Skjei 10) at 3:13 (PP)
4. Montreal Canadiens , Martin Necas 9 (Claude Giroux 15) at 3:57
5. San Jose Sharks , Rickard Rakell 12 (Sean Durzi 12, Ivan Barbashev 10) at 11:56
6. Montreal Canadiens , Vladislav Namestnikov 6 (Aliaksei Protas 3, Martin Necas 9) at 18:42
Penalties :
Sean Durzi (SJS) for Tripping (Minor) at 2:37, Joel Edmundson (SJS) for High sticking (Minor) at 12:07, Claude Giroux (MTL) for Tripping (Minor) at 16:07, Ryan Lindgren (MTL) for Holding (Minor) at 19:24
3rd period
7. San Jose Sharks , Simon Nemec 3 (Eetu Luostarinen 9, Dylan Strome 20) at 4:15
8. Montreal Canadiens , Vincent Trocheck 9 (Dylan Larkin 20) at 10:17 (PP)
9. San Jose Sharks , Frederick Gaudreau 3 (Ilya Mikheyev 5, Joseph Veleno 3) at 15:34
10. San Jose Sharks , Adam Henrique 10 (Joel Edmundson 7, Dmitry Orlov 7) at 18:32 (PP)
Penalties :
Martin Necas (MTL) for Slashing (Minor) at 4:18, Luke Kunin (SJS) for High sticking (Minor) at 10:07, Tyler Myers (MTL) for Holding (Minor) at 17:28
Overtime #1
11. Montreal Canadiens , Dylan Larkin 14 (Damon Severson 3, Patrik Laine 7) at 2:07
Penalties :
No Penalty
Goalie Stats
Ilya Samsonov (SJS), 41 saves from 47 shots - (0.872), OTL, 0-2-1, 62:05 minutes
Jacob Markstrom (MTL), 33 saves from 38 shots - (0.868), W, 13-6-0, 62:07 minutes
Players Stats for San Jose Sharks
Player Name G A P +/- PIM S H SB GA TA FO MP PP MP PK MP
------------------------------------------------------------------------------------
Adam Henrique 1 0 1 -1 5 2 0 0 0 2 7/19 19:19 5:10 1:35
Christian Dvorak 1 0 1 0 0 1 0 1 0 0 11/11 11:36 0:05 0:25
Christopher Tanev 0 0 0 1 0 3 1 0 0 1 0/0 28:40 5:22 2:13
Dmitry Orlov 0 1 1 -1 0 0 1 0 0 0 0/0 22:04 5:05 2:31
Dylan Strome 0 1 1 -1 0 5 2 1 0 0 17/25 20:22 5:44 1:59
Eetu Luostarinen 0 1 1 0 0 5 1 0 1 0 0/0 17:17 5:44 0:00
Frederick Gaudreau 1 0 1 1 0 3 0 0 0 0 0/2 9:35 0:00 0:00
Ilya Mikheyev 0 1 1 1 0 3 1 0 1 1 0/1 11:26 0:00 1:42
Ivan Barbashev 0 1 1 0 0 1 0 1 0 3 0/2 19:40 5:10 0:50
Joel Edmundson 0 1 1 -1 2 2 0 1 0 0 0/0 19:25 5:19 0:00
Joseph Veleno 0 1 1 1 0 1 3 0 0 0 1/2 11:23 0:05 1:06
Luke Kunin 0 1 1 0 2 3 2 1 1 0 0/1 16:30 5:44 0:00
Matthew Knies 0 0 0 0 0 3 0 1 0 0 0/1 11:12 0:05 0:00
Mike Hoffman 0 1 1 0 0 0 1 1 2 0 1/1 10:26 0:00 0:00
Rickard Rakell 1 0 1 0 0 3 3 1 0 1 0/2 20:41 5:10 1:51
Sean Durzi 0 1 1 1 2 2 2 2 1 0 0/0 26:54 5:22 1:47
Simon Nemec 1 0 1 0 0 1 0 1 0 0 0/0 14:56 0:00 2:57
Tobias Bjornfot 0 0 0 0 0 0 1 0 0 2 0/0 12:14 0:50 0:00
Players Stats for Montreal Canadiens
Player Name G A P +/- PIM S H SB GA TA FO MP PP MP PK MP
------------------------------------------------------------------------------------
Adam Fox 0 0 0 0 2 1 0 0 0 0 0/0 24:26 2:21 4:44
Aliaksei Protas 0 1 1 1 0 0 1 0 0 0 0/0 8:34 0:46 0:00
Brady Skjei 0 1 1 -2 0 6 1 3 0 2 0/0 22:50 2:21 6:18
Claude Giroux 0 1 1 0 2 5 3 1 3 1 8/16 19:58 2:33 4:38
Damon Severson 0 1 1 1 0 1 2 2 0 2 0/0 20:11 1:38 0:33
Dylan Larkin 2 2 4 -1 2 9 3 0 1 0 14/25 22:05 1:30 3:59
Ilya Lyubushkin 0 0 0 -2 5 0 0 0 0 0 0/0 11:34 0:45 0:38
Jaden Schwartz 0 0 0 0 0 2 0 0 1 0 0/0 8:45 0:19 0:00
Jake Evans 0 0 0 0 0 2 0 2 0 0 2/10 14:55 0:00 5:19
Jonathan Marchessault 0 0 0 0 0 1 0 0 2 0 0/0 15:36 2:19 0:00
Juraj Slafkovsky 0 0 0 0 0 1 2 0 0 0 0/0 11:49 2:34 0:55
Luke Glendening 0 0 0 1 0 1 0 0 0 0 1/3 7:48 0:00 0:00
Martin Necas 1 1 2 0 2 2 1 0 1 0 1/1 13:34 0:48 0:00
Patrik Laine 1 1 2 -1 0 3 2 0 1 0 0/4 19:02 1:43 1:32
Ryan Lindgren 0 0 0 1 2 3 0 2 0 1 0/0 20:03 0:00 4:20
Tyler Myers 0 0 0 2 2 3 1 1 1 0 0/0 26:16 2:23 5:25
Vincent Trocheck 1 1 2 -2 0 3 0 0 0 0 4/8 22:08 1:40 5:35
Vladislav Namestnikov 1 0 1 1 0 4 1 0 0 0 0/0 7:48 0:00 0:00
3 Stars
1 - Dylan Larkin (MTL)
2 - Patrik Laine (MTL)
3 - Vladislav Namestnikov (MTL)
Power Play
San Jose Sharks - 1 on 6 Attempt(s) - 16.67%
Montreal Canadiens - 2 on 4 Attempt(s) - 50.00%
Penalty Kill
San Jose Sharks - 2 on 4 Attempt(s) - 50.00%
- Score 0 goal in Penalty Kill
Montreal Canadiens - 5 on 6 Attempt(s) - 83.33%
- Score 0 goal in Penalty Kill
Team Stat
San Jose Sharks - Hits : 18 - Faceoff Wins : 37 - Blocked Shots : 11 - Penalty Minutes : 13
Montreal Canadiens - Hits : 17 - Faceoff Wins : 30 - Blocked Shots : 11 - Penalty Minutes : 17
Official
Referees : Beaudry Halkidis and Chris Schlenker
Linesman : Bryan Pancich and Julien Fournier
Game Notes
Ilya Lyubushkin and Adam Henrique fight to a draw at 12:00 of 1st period
Finance
Level 1 -- Attendance: 6000 (100.00%) -- Ticket Income $558,000
Level 2 -- Attendance: 4370 (87.40%) -- Ticket Income $231,610
Level 3 -- Attendance: 2648 (88.27%) -- Ticket Income $84,736
Level 4 -- Attendance: 4705 (94.10%) -- Ticket Income $103,510
Luxury Box -- Attendance: 1000 (100.00%) -- Ticket Income $195,000
Game was played at the Bell Centre.
Total Attendance: 18723 (93.62%)
Total Ticket Income: $1,172,856
Other Income: $410,500
Total Income: $1,583,356
San Jose Sharks
5 vs 5 Forward
Center Left Wing Right Wing Time % Phy DF OF
1 Adam Henrique Rickard Rakell Ivan Barbashev 30 1 2 2
2 Dylan Strome Eetu Luostarinen Matthew Knies 30 1 2 2
3 Christian Dvorak Mike Hoffman Luke Kunin 25 1 2 2
4 Frederick Gaudreau Joseph Veleno Ilya Mikheyev 15 1 2 2
5 vs 5 Defense
Defense Defense Time % Phy DF OF
1 Sean Durzi Christopher Tanev 30 1 2 2
2 Joel Edmundson Dmitry Orlov 30 1 2 2
3 Simon Nemec Tobias Bjornfot 25 1 2 2
4 Sean Durzi Christopher Tanev 15 1 2 2
PowerPlay Forward
Center Left Wing Right Wing Time % Phy DF OF
1 Adam Henrique Rickard Rakell Ivan Barbashev 50 1 2 2
2 Dylan Strome Eetu Luostarinen Luke Kunin 50 1 2 2
PowerPlay Defense
Defense Defense Time % Phy DF OF
1 Sean Durzi Christopher Tanev 50 1 2 2
2 Dmitry Orlov Joel Edmundson 50 1 2 2
Penalty Kill 4 Players Forward
Center Wing Time % Phy DF OF
1 Adam Henrique Dylan Strome 50 1 2 2
2 Rickard Rakell Ivan Barbashev 50 1 2 2
Penalty Kill 4 Players Defense
Defense Defense Time % Phy DF OF
1 Sean Durzi Christopher Tanev 50 1 2 2
2 Simon Nemec Dmitry Orlov 50 1 2 2
Penalty Kill - 3 Players Forward
Forward Time % Phy DF OF
1 Adam Henrique 50 1 2 2
2 Dylan Strome 50 1 2 2
Penalty Kill - 3 Players Defense
Defense Defense Time % Phy DF OF
1 Sean Durzi Christopher Tanev 50 1 2 2
2 Simon Nemec Tobias Bjornfot 50 1 2 2
4 vs 4 Forward
Center Wing Time % Phy DF OF
1 Adam Henrique Dylan Strome 50 1 2 2
2 Rickard Rakell Ivan Barbashev 50 1 2 2
4 vs 4 Defense
Defense Defense Time % Phy DF OF
1 Sean Durzi Christopher Tanev 50 1 2 2
2 Dmitry Orlov Simon Nemec 50 1 2 2
Last Minutes Offensive
Center Left Wing Right Wing Defense Defense
Adam Henrique Rickard Rakell Ivan Barbashev Sean Durzi Christopher Tanev
Last Minutes Defensive
Center Left Wing Right Wing Defense Defense
Adam Henrique Rickard Rakell Ivan Barbashev Sean Durzi Christopher Tanev
Goaltenders
Starting : Ilya Samsonov
Backup : Logan Thompson
Extra Forwards
Normal : Joseph Veleno, Christian Dvorak, Ilya Mikheyev - PP : Joseph Veleno, Christian Dvorak - PK : Ilya Mikheyev
Extra Defensemen
Normal : Dmitry Orlov, Simon Nemec, Sean Durzi - PP : Dmitry Orlov - PK : Simon Nemec, Sean Durzi
Penalty Shots
Adam Henrique, Dylan Strome, Rickard Rakell, Ivan Barbashev, Eetu Luostarinen
Scratches
Brett Howden (Healthy), Kailer Yamamoto (Healthy), Victor Olofsson (Healthy), Erik Cernak (Healthy), Sam Lafferty (Healthy)
Montreal Canadiens
5 vs 5 Forward
Center Left Wing Right Wing Time % Phy DF OF
1 Dylan Larkin Patrik Laine Vincent Trocheck 35 1 2 2
2 Claude Giroux Jonathan Marchessault Martin Necas 35 1 2 2
3 Jake Evans Jaden Schwartz Juraj Slafkovsky 20 1 2 2
4 Luke Glendening Vladislav Namestnikov Aliaksei Protas 10 1 3 1
5 vs 5 Defense
Defense Defense Time % Phy DF OF
1 Tyler Myers Ryan Lindgren 33 1 3 1
2 Adam Fox Damon Severson 33 1 3 1
3 Brady Skjei Ilya Lyubushkin 24 1 3 1
4 Tyler Myers Brady Skjei 10 1 3 1
PowerPlay Forward
Center Left Wing Right Wing Time % Phy DF OF
1 Dylan Larkin Jonathan Marchessault Vincent Trocheck 50 0 0 5
2 Claude Giroux Patrik Laine Juraj Slafkovsky 50 0 0 5
PowerPlay Defense
Defense Defense Time % Phy DF OF
1 Adam Fox Brady Skjei 50 0 1 4
2 Tyler Myers Damon Severson 50 0 1 4
Penalty Kill 4 Players Forward
Center Wing Time % Phy DF OF
1 Vincent Trocheck Claude Giroux 50 1 3 1
2 Dylan Larkin Jake Evans 50 1 3 1
Penalty Kill 4 Players Defense
Defense Defense Time % Phy DF OF
1 Adam Fox Ryan Lindgren 50 1 4 0
2 Tyler Myers Brady Skjei 50 1 4 0
Penalty Kill - 3 Players Forward
Forward Time % Phy DF OF
1 Vincent Trocheck 50 1 4 0
2 Dylan Larkin 50 1 4 0
Penalty Kill - 3 Players Defense
Defense Defense Time % Phy DF OF
1 Adam Fox Ryan Lindgren 50 1 4 0
2 Tyler Myers Brady Skjei 50 1 4 0
4 vs 4 Forward
Center Wing Time % Phy DF OF
1 Vincent Trocheck Jonathan Marchessault 50 1 2 2
2 Dylan Larkin Patrik Laine 50 1 2 2
4 vs 4 Defense
Defense Defense Time % Phy DF OF
1 Adam Fox Brady Skjei 50 1 2 2
2 Tyler Myers Damon Severson 50 1 2 2
Last Minutes Offensive
Center Left Wing Right Wing Defense Defense
Dylan Larkin Jonathan Marchessault Vincent Trocheck Adam Fox Brady Skjei
Last Minutes Defensive
Center Left Wing Right Wing Defense Defense
Dylan Larkin Luke Glendening Vincent Trocheck Adam Fox Ryan Lindgren
Goaltenders
Starting : Jacob Markstrom
Backup : David Rittich
Extra Forwards
Normal : Vincent Trocheck, Dylan Larkin, Claude Giroux - PP : Martin Necas, Juraj Slafkovsky - PK : Jake Evans
Extra Defensemen
Normal : Adam Fox, Brady Skjei, Damon Severson - PP : Adam Fox - PK : Adam Fox, Brady Skjei
Penalty Shots
Patrik Laine, Vincent Trocheck, Claude Giroux, Jonathan Marchessault, Damon Severson
Scratches
Evgeni Dadonov (Healthy), Alexandre Carrier (Healthy)
% Time on Ice - San Jose Sharks
Lines # - Real PCT - Wanted PCT - Time Play
Normal Forward
1 - 28% - 30% - 12:36
2 - 26% - 30% - 11:40
3 - 24% - 25% - 10:26
4 - 22% - 15% - 9:35
Normal Defense
1 - 30% - 30% - 13:05
2 - 32% - 30% - 14:06
3 - 26% - 25% - 11:32
4 - 13% - 15% - 5:34
PP Forward
1 - 47% - 50% - 5:10
2 - 53% - 50% - 5:49
PP Defense
1 - 49% - 50% - 5:22
2 - 51% - 50% - 5:37
PK Forward
1 - 53% - 50% - 2:31
2 - 47% - 50% - 2:13
PK Defense
1 - 47% - 50% - 2:13
2 - 53% - 50% - 2:31
PK3 Forward
1 - 0% - 50%
2 - 0% - 50%
PK3 Defense
1 - 0% - 50%
2 - 0% - 50%
44 Forward
1 - 51% - 50% - 1:05
2 - 49% - 50% - 1:02
44 Defense
1 - 53% - 50% - 1:07
2 - 47% - 50% - 1:00
Last Minute Offensive - 0:00
Last Minute Defensive - 0:00
Total
Forward - 62:07
Defense - 62:07
|
% Time on Ice - Montreal Canadiens
Lines # - Real PCT - Wanted PCT - Time Play
Normal Forward
1 - 32% - 35% - 14:04
2 - 32% - 35% - 13:59
3 - 19% - 20% - 8:26
4 - 18% - 10% - 7:48
Normal Defense
1 - 34% - 33% - 15:12
2 - 36% - 33% - 16:06
3 - 26% - 24% - 11:32
4 - 3% - 10% - 1:27
PP Forward
1 - 46% - 50% - 2:11
2 - 54% - 50% - 2:33
PP Defense
1 - 50% - 50% - 2:21
2 - 50% - 50% - 2:23
PK Forward
1 - 53% - 50% - 5:52
2 - 47% - 50% - 5:07
PK Defense
1 - 50% - 50% - 5:31
2 - 50% - 50% - 5:28
PK3 Forward
1 - 0% - 50%
2 - 0% - 50%
PK3 Defense
1 - 0% - 50%
2 - 0% - 50%
44 Forward
1 - 39% - 50% - 0:49
2 - 61% - 50% - 1:18
44 Defense
1 - 32% - 50% - 0:41
2 - 68% - 50% - 1:26
Last Minute Offensive - 0:00
Last Minute Defensive - 0:00
Total
Forward - 62:07
Defense - 62:07
|
Play-by-Play
1st period
0:01 of 1st period - Adam Henrique wins face-off versus Dylan Larkin in neutral zone.
0:09 of 1st period - Snap shot by Rickard Rakell.
0:09 of 1st period - Stopped by Jacob Markstrom without a rebound.
0:10 of 1st period - Adam Henrique wins face-off versus Dylan Larkin in Montreal Canadiens zone.
0:23 of 1st period - Wrist shot by Adam Henrique.
0:23 of 1st period - Shot Misses the Net.
0:25 of 1st period - Minor Penalty to Dylan Larkin for Tripping.
0:26 of 1st period - Claude Giroux wins face-off versus Ivan Barbashev in Montreal Canadiens zone.
0:55 of 1st period - Ryan Lindgren is hit by Luke Kunin and loses puck.
1:00 of 1st period - Wrist shot by Dylan Strome.
1:00 of 1st period - Stopped by Jacob Markstrom with a rebound.
1:49 of 1st period - Icing by Luke Kunin.
1:50 of 1st period - Dylan Strome wins face-off versus Patrik Laine in San Jose Sharks zone.
2:25 of 1st period - Penalty to Dylan Larkin is over, Dylan Larkin is back on ice.
2:44 of 1st period - Snap shot by Claude Giroux.
2:44 of 1st period - Stopped by Ilya Samsonov without a rebound.
2:45 of 1st period - Claude Giroux wins face-off versus Frederick Gaudreau in San Jose Sharks zone.
2:46 of 1st period - Snap shot by Jonathan Marchessault.
2:46 of 1st period - Shot Misses the Net.
3:16 of 1st period - Snap shot by Ilya Mikheyev.
3:16 of 1st period - Stopped by Jacob Markstrom with a rebound.
4:26 of 1st period - Wrist shot by Ilya Mikheyev.
4:26 of 1st period - Stopped by Jacob Markstrom with a rebound.
4:28 of 1st period - Slapshot by Frederick Gaudreau.
4:28 of 1st period - Stopped by Jacob Markstrom without a rebound.
4:29 of 1st period - Dylan Strome wins face-off versus Patrik Laine in Montreal Canadiens zone.
4:30 of 1st period - Wrist shot by Eetu Luostarinen.
4:30 of 1st period - Stopped by Jacob Markstrom with a rebound.
4:44 of 1st period - Wrist shot by Dylan Larkin.
4:44 of 1st period - Shot Misses the Net.
4:46 of 1st period - Backhand shot by Ryan Lindgren.
4:46 of 1st period - Deflect By Eetu Luostarinen.
4:46 of 1st period - Stopped by Ilya Samsonov with a rebound.
5:21 of 1st period - Adam Henrique is hit by Vladislav Namestnikov and loses puck.
5:39 of 1st period - Icing by Ilya Lyubushkin.
5:40 of 1st period - Dylan Strome wins face-off versus Dylan Larkin in Montreal Canadiens zone.
5:41 of 1st period - Wrist shot by Eetu Luostarinen.
5:41 of 1st period - Deflect By Dylan Strome.
5:41 of 1st period - Shot Misses the Net.
5:41 of 1st period - Puck is out of play.
5:42 of 1st period - Dylan Larkin wins face-off versus Matthew Knies in Montreal Canadiens zone.
5:51 of 1st period - Wrist shot by Patrik Laine.
5:51 of 1st period - Goal by Patrik Laine - San Jose Sharks : 0 - Montreal Canadiens : 1.
5:52 of 1st period - Mike Hoffman wins face-off versus Dylan Larkin in neutral zone.
6:01 of 1st period - Snap shot by Christian Dvorak.
6:01 of 1st period - Goal by Christian Dvorak - San Jose Sharks : 1 - Montreal Canadiens : 1.
6:02 of 1st period - Vincent Trocheck wins face-off versus Adam Henrique in neutral zone.
6:11 of 1st period - Snap shot by Vincent Trocheck.
6:11 of 1st period - Stopped by Ilya Samsonov without a rebound.
6:11 of 1st period - Minor Penalty to Ilya Samsonov for Slashing.
6:12 of 1st period - Dylan Larkin wins face-off versus Adam Henrique in San Jose Sharks zone.
6:41 of 1st period - Snap shot by Rickard Rakell.
6:41 of 1st period - Stopped by Jacob Markstrom with a rebound.
6:47 of 1st period - Snap shot by Patrik Laine.
6:47 of 1st period - Shot Misses the Net.
8:11 of 1st period - Penalty to Ivan Barbashev is over, Ivan Barbashev is back on ice.
8:21 of 1st period - Snap shot by Ivan Barbashev.
8:21 of 1st period - Shot Blocked by Damon Severson.
10:20 of 1st period - Icing by Christopher Tanev.
10:21 of 1st period - Dylan Strome wins face-off versus Jake Evans in San Jose Sharks zone.
10:30 of 1st period - Wrist shot by Jaden Schwartz.
10:30 of 1st period - Stopped by Ilya Samsonov with a rebound.
11:11 of 1st period - Snap shot by Vladislav Namestnikov.
11:11 of 1st period - Stopped by Ilya Samsonov with a rebound.
11:13 of 1st period - Snap shot by Luke Glendening.
11:13 of 1st period - Shot Misses the Net.
11:15 of 1st period - Slapshot by Ryan Lindgren.
11:15 of 1st period - Stopped by Ilya Samsonov with a rebound.
11:29 of 1st period - Wrist shot by Eetu Luostarinen.
11:29 of 1st period - Shot Misses the Net.
11:31 of 1st period - Snap shot by Dylan Strome.
11:31 of 1st period - Stopped by Jacob Markstrom with a rebound.
11:33 of 1st period - Slapshot by Christopher Tanev.
11:33 of 1st period - Deflect By Eetu Luostarinen.
11:33 of 1st period - Stopped by Jacob Markstrom without a rebound.
11:34 of 1st period - Christian Dvorak wins face-off versus Claude Giroux in Montreal Canadiens zone.
11:45 of 1st period - Snap shot by Martin Necas.
11:45 of 1st period - Shot Blocked by Joel Edmundson.
11:47 of 1st period - Wrist shot by Claude Giroux.
11:47 of 1st period - Shot Misses the Net.
11:49 of 1st period - Snap shot by Claude Giroux.
11:49 of 1st period - Stopped by Ilya Samsonov without a rebound.
11:50 of 1st period - Dylan Larkin wins face-off versus Adam Henrique in San Jose Sharks zone.
12:00 of 1st period - Ilya Lyubushkin and Adam Henrique fight to a draw.
12:00 of 1st period - Penalty to Ilya Lyubushkin for Fighting.
12:00 of 1st period - Penalty to Adam Henrique for Fighting.
12:01 of 1st period - Dylan Strome wins face-off versus Dylan Larkin in San Jose Sharks zone.
12:01 of 1st period - Eetu Luostarinen is hit by Dylan Larkin and loses puck.
12:27 of 1st period - Tyler Myers is hit by Luke Kunin and loses puck.
12:32 of 1st period - Snap shot by Luke Kunin.
12:32 of 1st period - Stopped by Jacob Markstrom with a rebound.
12:34 of 1st period - Snap shot by Joel Edmundson.
12:34 of 1st period - Stopped by Jacob Markstrom without a rebound.
12:35 of 1st period - Claude Giroux wins face-off versus Joseph Veleno in Montreal Canadiens zone.
12:37 of 1st period - Minor Penalty to Adam Fox for Hooking.
12:38 of 1st period - Dylan Strome wins face-off versus Vincent Trocheck in Montreal Canadiens zone.
12:44 of 1st period - Snap shot by Luke Kunin.
12:44 of 1st period - Stopped by Jacob Markstrom with a rebound.
12:46 of 1st period - Wrist shot by Luke Kunin.
12:46 of 1st period - Deflect By Vincent Trocheck.
12:46 of 1st period - Shot Misses the Net.
12:46 of 1st period - Puck is out of play.
12:47 of 1st period - Vincent Trocheck wins face-off versus Dylan Strome in Montreal Canadiens zone.
13:06 of 1st period - Snap shot by Eetu Luostarinen.
13:06 of 1st period - Shot Misses the Net.
13:08 of 1st period - Slapshot by Joel Edmundson.
13:08 of 1st period - Stopped by Jacob Markstrom with a rebound.
13:26 of 1st period - Wrist shot by Eetu Luostarinen.
13:26 of 1st period - Shot Misses the Net.
13:42 of 1st period - Slapshot by Dylan Strome.
13:42 of 1st period - Shot Misses the Net.
13:48 of 1st period - Wrist shot by Luke Kunin.
13:48 of 1st period - Stopped by Jacob Markstrom with a rebound.
14:37 of 1st period - Penalty to Adam Fox is over, Adam Fox is back on ice.
14:53 of 1st period - Wrist shot by Adam Fox.
14:53 of 1st period - Shot Misses the Net.
14:59 of 1st period - Joel Edmundson is hit by Damon Severson and loses puck.
15:35 of 1st period - Snap shot by Dylan Strome.
15:35 of 1st period - Stopped by Jacob Markstrom without a rebound.
15:36 of 1st period - Joseph Veleno wins face-off versus Claude Giroux in Montreal Canadiens zone.
15:39 of 1st period - Wrist shot by Ivan Barbashev.
15:39 of 1st period - Shot Blocked by Ryan Lindgren.
16:20 of 1st period - Icing by Brady Skjei.
16:21 of 1st period - Christian Dvorak wins face-off versus Claude Giroux in Montreal Canadiens zone.
16:22 of 1st period - Slapshot by Ivan Barbashev.
16:22 of 1st period - Shot Blocked by Brady Skjei.
16:24 of 1st period - Snap shot by Ilya Mikheyev.
16:24 of 1st period - Shot Misses the Net.
16:42 of 1st period - Slapshot by Brady Skjei.
16:42 of 1st period - Stopped by Ilya Samsonov with a rebound.
16:44 of 1st period - Slapshot by Ryan Lindgren.
16:44 of 1st period - Shot Misses the Net.
16:46 of 1st period - Slapshot by Ryan Lindgren.
16:46 of 1st period - Deflect By Vladislav Namestnikov.
16:46 of 1st period - Stopped by Ilya Samsonov with a rebound.
17:22 of 1st period - Sean Durzi is hit by Patrik Laine and loses puck.
17:32 of 1st period - Icing by Adam Fox.
17:33 of 1st period - Claude Giroux wins face-off versus Ivan Barbashev in Montreal Canadiens zone.
18:09 of 1st period - Snap shot by Claude Giroux.
18:09 of 1st period - Stopped by Ilya Samsonov with a rebound.
18:11 of 1st period - Wrist shot by Adam Fox.
18:11 of 1st period - Shot Blocked by Simon Nemec.
18:49 of 1st period - Adam Henrique is hit by Juraj Slafkovsky.
19:27 of 1st period - Wrist shot by Dylan Larkin.
19:27 of 1st period - Stopped by Ilya Samsonov with a rebound.
Goals for this period are 1 for San Jose Sharks vs 1 for Montreal Canadiens.
Shots for this period are 16 for San Jose Sharks vs 12 for Montreal Canadiens.
2nd period
0:01 of 2nd period - Dylan Strome wins face-off versus Dylan Larkin in neutral zone.
0:26 of 2nd period - Adam Fox is hit by Mike Hoffman.
1:35 of 2nd period - Wrist shot by Dylan Strome.
1:35 of 2nd period - Shot Blocked by Brady Skjei.
1:37 of 2nd period - Slapshot by Dylan Strome.
1:37 of 2nd period - Shot Misses the Net.
1:49 of 2nd period - Snap shot by Juraj Slafkovsky.
1:49 of 2nd period - Deflect By Jake Evans.
1:49 of 2nd period - Stopped by Ilya Samsonov with a rebound.
1:51 of 2nd period - Snap shot by Jaden Schwartz.
1:51 of 2nd period - Shot Misses the Net.
1:53 of 2nd period - Wrist shot by Brady Skjei.
1:53 of 2nd period - Stopped by Ilya Samsonov with a rebound.
1:55 of 2nd period - Slapshot by Brady Skjei.
1:55 of 2nd period - Shot Misses the Net.
2:37 of 2nd period - Minor Penalty to Sean Durzi for Tripping.
2:38 of 2nd period - Claude Giroux wins face-off versus Adam Henrique in San Jose Sharks zone.
2:46 of 2nd period - Slapshot by Claude Giroux.
2:46 of 2nd period - Stopped by Ilya Samsonov with a rebound.
3:13 of 2nd period - Snap shot by Dylan Larkin.
3:13 of 2nd period - Goal by Dylan Larkin - San Jose Sharks : 1 - Montreal Canadiens : 2.
3:14 of 2nd period - Dylan Larkin wins face-off versus Dylan Strome in neutral zone.
3:25 of 2nd period - Slapshot by Eetu Luostarinen.
3:25 of 2nd period - Stopped by Jacob Markstrom without a rebound.
3:26 of 2nd period - Dylan Larkin wins face-off versus Dylan Strome in Montreal Canadiens zone.
3:26 of 2nd period - Dylan Larkin is hit by Eetu Luostarinen.
3:57 of 2nd period - Snap shot by Martin Necas.
3:57 of 2nd period - Goal by Martin Necas - San Jose Sharks : 1 - Montreal Canadiens : 3.
3:58 of 2nd period - Dylan Larkin wins face-off versus Dylan Strome in neutral zone.
4:05 of 2nd period - Slapshot by Patrik Laine.
4:05 of 2nd period - Stopped by Ilya Samsonov without a rebound.
4:06 of 2nd period - Dylan Strome wins face-off versus Dylan Larkin in San Jose Sharks zone.
4:23 of 2nd period - Wrist shot by Dylan Larkin.
4:23 of 2nd period - Stopped by Ilya Samsonov without a rebound.
4:24 of 2nd period - Christian Dvorak wins face-off versus Claude Giroux in San Jose Sharks zone.
5:11 of 2nd period - Snap shot by Adam Henrique.
5:11 of 2nd period - Shot Misses the Net.
5:13 of 2nd period - Wrist shot by Matthew Knies.
5:13 of 2nd period - Shot Blocked by Tyler Myers.
5:35 of 2nd period - Ryan Lindgren is hit by Joseph Veleno and loses puck.
5:40 of 2nd period - Wrist shot by Joseph Veleno.
5:40 of 2nd period - Shot Misses the Net.
5:42 of 2nd period - Wrist shot by Joseph Veleno.
5:42 of 2nd period - Shot Misses the Net.
6:16 of 2nd period - Dmitry Orlov is hit by Aliaksei Protas and loses puck.
6:37 of 2nd period - Snap shot by Matthew Knies.
6:37 of 2nd period - Stopped by Jacob Markstrom without a rebound.
6:38 of 2nd period - Dylan Strome wins face-off versus Jake Evans in Montreal Canadiens zone.
6:39 of 2nd period - Snap shot by Eetu Luostarinen.
6:39 of 2nd period - Shot Misses the Net.
6:43 of 2nd period - Wrist shot by Dylan Strome.
6:43 of 2nd period - Stopped by Jacob Markstrom with a rebound.
6:45 of 2nd period - Slapshot by Christopher Tanev.
6:45 of 2nd period - Deflect By Juraj Slafkovsky.
6:45 of 2nd period - Stopped by Jacob Markstrom with a rebound.
6:47 of 2nd period - Slapshot by Sean Durzi.
6:47 of 2nd period - Shot Misses the Net.
6:55 of 2nd period - Backhand shot by Eetu Luostarinen.
6:55 of 2nd period - Stopped by Jacob Markstrom with a rebound.
6:57 of 2nd period - Slapshot by Christopher Tanev.
6:57 of 2nd period - Deflect By Damon Severson.
6:57 of 2nd period - Stopped by Jacob Markstrom with a rebound.
6:59 of 2nd period - Backhand shot by Sean Durzi.
6:59 of 2nd period - Stopped by Jacob Markstrom without a rebound.
7:00 of 2nd period - Dylan Larkin wins face-off versus Adam Henrique in Montreal Canadiens zone.
7:00 of 2nd period - Dylan Larkin is hit by Rickard Rakell.
7:03 of 2nd period - Icing by Brady Skjei.
7:04 of 2nd period - Adam Henrique wins face-off versus Vincent Trocheck in Montreal Canadiens zone.
7:05 of 2nd period - Wrist shot by Ivan Barbashev.
7:05 of 2nd period - Stopped by Jacob Markstrom with a rebound.
7:10 of 2nd period - Off-side.
7:11 of 2nd period - Christian Dvorak wins face-off versus Dylan Larkin in neutral zone.
8:23 of 2nd period - Wrist shot by Aliaksei Protas.
8:23 of 2nd period - Shot Misses the Net.
8:25 of 2nd period - Wrist shot by Luke Glendening.
8:25 of 2nd period - Stopped by Ilya Samsonov with a rebound.
8:27 of 2nd period - Slapshot by Tyler Myers.
8:27 of 2nd period - Stopped by Ilya Samsonov without a rebound.
8:28 of 2nd period - Christian Dvorak wins face-off versus Dylan Larkin in San Jose Sharks zone.
8:55 of 2nd period - Tobias Bjornfot is hit by Martin Necas and loses puck.
9:08 of 2nd period - Simon Nemec is hit by Tyler Myers and loses puck.
9:19 of 2nd period - Slapshot by Eetu Luostarinen.
9:19 of 2nd period - Deflect By Dylan Strome.
9:19 of 2nd period - Shot Hit the Post.
9:19 of 2nd period - Puck is out of play.
9:20 of 2nd period - Dylan Strome wins face-off versus Jake Evans in Montreal Canadiens zone.
9:21 of 2nd period - Snap shot by Sean Durzi.
9:21 of 2nd period - Deflect By Dylan Strome.
9:21 of 2nd period - Shot Blocked by Jake Evans.
9:21 of 2nd period - Puck is out of play.
9:22 of 2nd period - Dylan Strome wins face-off versus Jake Evans in Montreal Canadiens zone.
9:23 of 2nd period - Wrist shot by Sean Durzi.
9:23 of 2nd period - Shot Blocked by Jake Evans.
9:33 of 2nd period - Slapshot by Juraj Slafkovsky.
9:33 of 2nd period - Stopped by Ilya Samsonov with a rebound.
9:39 of 2nd period - Wrist shot by Jaden Schwartz.
9:39 of 2nd period - Shot Misses the Net.
9:41 of 2nd period - Slapshot by Ilya Lyubushkin.
9:41 of 2nd period - Shot Misses the Net.
9:43 of 2nd period - Slapshot by Ilya Lyubushkin.
9:43 of 2nd period - Shot Blocked by Sean Durzi.
9:45 of 2nd period - Backhand shot by Jake Evans.
9:45 of 2nd period - Deflect By Sean Durzi.
9:45 of 2nd period - Shot Misses the Net.
9:45 of 2nd period - Puck is out of play.
9:46 of 2nd period - Christian Dvorak wins face-off versus Dylan Larkin in San Jose Sharks zone.
10:11 of 2nd period - Patrik Laine is hit by Rickard Rakell.
10:20 of 2nd period - Wrist shot by Dylan Larkin.
10:20 of 2nd period - Stopped by Ilya Samsonov with a rebound.
10:22 of 2nd period - Slapshot by Adam Fox.
10:22 of 2nd period - Shot Misses the Net.
10:24 of 2nd period - Snap shot by Dylan Larkin.
10:24 of 2nd period - Shot Misses the Net.
10:26 of 2nd period - Slapshot by Damon Severson.
10:26 of 2nd period - Shot Blocked by Rickard Rakell.
10:28 of 2nd period - Wrist shot by Vincent Trocheck.
10:28 of 2nd period - Shot Blocked by Ivan Barbashev.
10:30 of 2nd period - Slapshot by Adam Fox.
10:30 of 2nd period - Stopped by Ilya Samsonov with a rebound.
10:48 of 2nd period - Slapshot by Damon Severson.
10:48 of 2nd period - Stopped by Ilya Samsonov with a rebound.
11:22 of 2nd period - Snap shot by Adam Henrique.
11:22 of 2nd period - Shot Misses the Net.
11:56 of 2nd period - Wrist shot by Rickard Rakell.
11:56 of 2nd period - Goal by Rickard Rakell - San Jose Sharks : 2 - Montreal Canadiens : 3.
11:57 of 2nd period - Dylan Strome wins face-off versus Claude Giroux in neutral zone.
12:06 of 2nd period - Snap shot by Eetu Luostarinen.
12:06 of 2nd period - Stopped by Jacob Markstrom with a rebound.
12:07 of 2nd period - Minor Penalty to Joel Edmundson for High sticking.
12:08 of 2nd period - Claude Giroux wins face-off versus Ilya Mikheyev in San Jose Sharks zone.
12:13 of 2nd period - Wrist shot by Martin Necas.
12:13 of 2nd period - Shot Misses the Net.
12:51 of 2nd period - Ilya Lyubushkin is hit by Ilya Mikheyev and loses puck.
12:58 of 2nd period - Ilya Mikheyev is hit by Brady Skjei and loses puck.
13:09 of 2nd period - Sean Durzi is hit by Claude Giroux and loses puck.
14:07 of 2nd period - Penalty to Joel Edmundson is over, Joel Edmundson is back on ice.
14:14 of 2nd period - Wrist shot by Brady Skjei.
14:14 of 2nd period - Stopped by Ilya Samsonov without a rebound.
14:15 of 2nd period - Christian Dvorak wins face-off versus Luke Glendening in San Jose Sharks zone.
14:32 of 2nd period - Ilya Lyubushkin is hit by Christopher Tanev and loses puck.
15:35 of 2nd period - Snap shot by Jaden Schwartz.
15:35 of 2nd period - Shot Misses the Net.
15:37 of 2nd period - Snap shot by Juraj Slafkovsky.
15:37 of 2nd period - Shot Misses the Net.
15:39 of 2nd period - Snap shot by Jaden Schwartz.
15:39 of 2nd period - Stopped by Ilya Samsonov with a rebound.
16:07 of 2nd period - Minor Penalty to Claude Giroux for Tripping.
16:08 of 2nd period - Dylan Larkin wins face-off versus Adam Henrique in Montreal Canadiens zone.
16:39 of 2nd period - Vincent Trocheck is hit by Sean Durzi and loses puck.
17:06 of 2nd period - Adam Fox is hit by Dylan Strome and loses puck.
18:07 of 2nd period - Penalty to Claude Giroux is over, Claude Giroux is back on ice.
18:14 of 2nd period - Jonathan Marchessault is hit by Joseph Veleno and loses puck.
18:21 of 2nd period - Ilya Mikheyev is hit by Claude Giroux and loses puck.
18:40 of 2nd period - Wrist shot by Aliaksei Protas.
18:40 of 2nd period - Shot Blocked by Christian Dvorak.
18:42 of 2nd period - Wrist shot by Vladislav Namestnikov.
18:42 of 2nd period - Goal by Vladislav Namestnikov - San Jose Sharks : 2 - Montreal Canadiens : 4.
18:43 of 2nd period - Dylan Strome wins face-off versus Claude Giroux in neutral zone.
19:24 of 2nd period - Minor Penalty to Ryan Lindgren for Holding.
19:25 of 2nd period - Dylan Larkin wins face-off versus Adam Henrique in Montreal Canadiens zone.
19:33 of 2nd period - Icing by Rickard Rakell.
19:34 of 2nd period - Adam Henrique wins face-off versus Vincent Trocheck in San Jose Sharks zone.
19:39 of 2nd period - Brady Skjei is hit by Rickard Rakell and loses puck.
19:53 of 2nd period - Backhand shot by Ivan Barbashev.
19:53 of 2nd period - Shot Blocked by Brady Skjei.
19:55 of 2nd period - Slapshot by Ivan Barbashev.
19:55 of 2nd period - Shot Misses the Net.
19:57 of 2nd period - Wrist shot by Christopher Tanev.
19:57 of 2nd period - Shot Misses the Net.
19:59 of 2nd period - Snap shot by Adam Henrique.
19:59 of 2nd period - Deflect By Tyler Myers.
19:59 of 2nd period - Shot Misses the Net.
19:59 of 2nd period - Puck is out of play.
Goals for this period are 1 for San Jose Sharks vs 3 for Montreal Canadiens.
Shots for this period are 10 for San Jose Sharks vs 16 for Montreal Canadiens.
3rd period
0:01 of 3rd period - Jake Evans wins face-off versus Adam Henrique in neutral zone.
0:51 of 3rd period - Joel Edmundson is hit by Dylan Larkin and loses puck.
1:24 of 3rd period - Penalty to Ryan Lindgren is over, Ryan Lindgren is back on ice.
1:34 of 3rd period - Wrist shot by Jake Evans.
1:34 of 3rd period - Stopped by Ilya Samsonov without a rebound.
1:35 of 3rd period - Luke Glendening wins face-off versus Frederick Gaudreau in San Jose Sharks zone.
2:22 of 3rd period - Wrist shot by Vladislav Namestnikov.
2:22 of 3rd period - Shot Misses the Net.
3:01 of 3rd period - Off-side.
3:02 of 3rd period - Claude Giroux wins face-off versus Dylan Strome in neutral zone.
4:15 of 3rd period - Slapshot by Simon Nemec.
4:15 of 3rd period - Goal by Simon Nemec - San Jose Sharks : 3 - Montreal Canadiens : 4.
4:16 of 3rd period - Claude Giroux wins face-off versus Dylan Strome in neutral zone.
4:18 of 3rd period - Minor Penalty to Martin Necas for Slashing.
4:19 of 3rd period - Jake Evans wins face-off versus Adam Henrique in Montreal Canadiens zone.
5:57 of 3rd period - Dylan Strome is hit by Claude Giroux and loses puck.
6:18 of 3rd period - Penalty to Martin Necas is over, Martin Necas is back on ice.
6:30 of 3rd period - Snap shot by Juraj Slafkovsky.
6:30 of 3rd period - Shot Misses the Net.
6:32 of 3rd period - Slapshot by Brady Skjei.
6:32 of 3rd period - Stopped by Ilya Samsonov with a rebound.
6:34 of 3rd period - Snap shot by Martin Necas.
6:34 of 3rd period - Stopped by Ilya Samsonov with a rebound.
6:36 of 3rd period - Slapshot by Patrik Laine.
6:36 of 3rd period - Stopped by Ilya Samsonov without a rebound.
6:37 of 3rd period - Christian Dvorak wins face-off versus Luke Glendening in San Jose Sharks zone.
7:04 of 3rd period - Martin Necas is hit by Sean Durzi and loses puck.
7:18 of 3rd period - Icing by Christopher Tanev.
7:19 of 3rd period - Vincent Trocheck wins face-off versus Dylan Strome in San Jose Sharks zone.
7:32 of 3rd period - Wrist shot by Eetu Luostarinen.
7:32 of 3rd period - Shot Misses the Net.
7:34 of 3rd period - Slapshot by Dylan Strome.
7:34 of 3rd period - Shot Misses the Net.
7:54 of 3rd period - Simon Nemec is hit by Juraj Slafkovsky and loses puck.
8:11 of 3rd period - Jonathan Marchessault is hit by Tobias Bjornfot and loses puck.
8:26 of 3rd period - Dmitry Orlov is hit by Patrik Laine and loses puck.
8:54 of 3rd period - Slapshot by Vladislav Namestnikov.
8:54 of 3rd period - Shot Blocked by Matthew Knies.
8:56 of 3rd period - Slapshot by Brady Skjei.
8:56 of 3rd period - Deflect By Matthew Knies.
8:56 of 3rd period - Stopped by Ilya Samsonov without a rebound.
8:57 of 3rd period - Martin Necas wins face-off versus Luke Kunin in San Jose Sharks zone.
9:04 of 3rd period - Snap shot by Claude Giroux.
9:04 of 3rd period - Shot Blocked by Mike Hoffman.
9:06 of 3rd period - Snap shot by Jonathan Marchessault.
9:06 of 3rd period - Shot Misses the Net.
9:08 of 3rd period - Snap shot by Claude Giroux.
9:08 of 3rd period - Stopped by Ilya Samsonov with a rebound.
9:10 of 3rd period - Slapshot by Ryan Lindgren.
9:10 of 3rd period - Stopped by Ilya Samsonov without a rebound.
9:11 of 3rd period - Dylan Strome wins face-off versus Patrik Laine in San Jose Sharks zone.
9:20 of 3rd period - Snap shot by Matthew Knies.
9:20 of 3rd period - Stopped by Jacob Markstrom with a rebound.
10:05 of 3rd period - Wrist shot by Vladislav Namestnikov.
10:05 of 3rd period - Stopped by Ilya Samsonov with a rebound.
10:07 of 3rd period - Minor Penalty to Luke Kunin for High sticking.
10:08 of 3rd period - Dylan Larkin wins face-off versus Rickard Rakell in San Jose Sharks zone.
10:17 of 3rd period - Wrist shot by Vincent Trocheck.
10:17 of 3rd period - Goal by Vincent Trocheck - San Jose Sharks : 3 - Montreal Canadiens : 5.
10:18 of 3rd period - Dylan Strome wins face-off versus Patrik Laine in neutral zone.
10:27 of 3rd period - Wrist shot by Sean Durzi.
10:27 of 3rd period - Stopped by Jacob Markstrom with a rebound.
10:52 of 3rd period - Snap shot by Luke Kunin.
10:52 of 3rd period - Shot Blocked by Ryan Lindgren.
11:44 of 3rd period - Sean Durzi is hit by Dylan Larkin.
11:54 of 3rd period - Wrist shot by Dylan Larkin.
11:54 of 3rd period - Shot Hit the Post.
12:22 of 3rd period - Wrist shot by Ilya Mikheyev.
12:22 of 3rd period - Stopped by Jacob Markstrom with a rebound.
12:24 of 3rd period - Snap shot by Joseph Veleno.
12:24 of 3rd period - Stopped by Jacob Markstrom without a rebound.
12:25 of 3rd period - Dylan Strome wins face-off versus Claude Giroux in Montreal Canadiens zone.
12:28 of 3rd period - Backhand shot by Matthew Knies.
12:28 of 3rd period - Stopped by Jacob Markstrom without a rebound.
12:29 of 3rd period - Dylan Strome wins face-off versus Claude Giroux in Montreal Canadiens zone.
13:32 of 3rd period - Snap shot by Dylan Larkin.
13:32 of 3rd period - Stopped by Ilya Samsonov with a rebound.
13:34 of 3rd period - Slapshot by Tyler Myers.
13:34 of 3rd period - Stopped by Ilya Samsonov with a rebound.
13:36 of 3rd period - Slapshot by Tyler Myers.
13:36 of 3rd period - Deflect By Sean Durzi.
13:36 of 3rd period - Stopped by Ilya Samsonov with a rebound.
13:57 of 3rd period - Snap shot by Vladislav Namestnikov.
13:57 of 3rd period - Shot Blocked by Sean Durzi.
13:59 of 3rd period - Snap shot by Aliaksei Protas.
13:59 of 3rd period - Shot Blocked by Luke Kunin.
14:09 of 3rd period - Wrist shot by Jaden Schwartz.
14:09 of 3rd period - Shot Misses the Net.
14:11 of 3rd period - Snap shot by Ilya Lyubushkin.
14:11 of 3rd period - Shot Misses the Net.
14:13 of 3rd period - Snap shot by Jaden Schwartz.
14:13 of 3rd period - Shot Misses the Net.
14:15 of 3rd period - Snap shot by Brady Skjei.
14:15 of 3rd period - Stopped by Ilya Samsonov with a rebound.
14:17 of 3rd period - Slapshot by Brady Skjei.
14:17 of 3rd period - Shot Misses the Net.
14:31 of 3rd period - Slapshot by Dylan Larkin.
14:31 of 3rd period - Stopped by Ilya Samsonov with a rebound.
14:33 of 3rd period - Snap shot by Vincent Trocheck.
14:33 of 3rd period - Stopped by Ilya Samsonov with a rebound.
14:53 of 3rd period - Wrist shot by Dylan Strome.
14:53 of 3rd period - Stopped by Jacob Markstrom with a rebound.
14:56 of 3rd period - Icing by Juraj Slafkovsky.
14:57 of 3rd period - Adam Henrique wins face-off versus Jake Evans in Montreal Canadiens zone.
15:00 of 3rd period - Snap shot by Ivan Barbashev.
15:00 of 3rd period - Shot Blocked by Damon Severson.
15:06 of 3rd period - Dmitry Orlov is hit by Damon Severson and loses puck.
15:23 of 3rd period - Ilya Lyubushkin is hit by Dmitry Orlov and loses puck.
15:28 of 3rd period - Slapshot by Ilya Mikheyev.
15:28 of 3rd period - Shot Misses the Net.
15:30 of 3rd period - Slapshot by Ilya Mikheyev.
15:30 of 3rd period - Shot Misses the Net.
15:32 of 3rd period - Snap shot by Frederick Gaudreau.
15:32 of 3rd period - Stopped by Jacob Markstrom with a rebound.
15:34 of 3rd period - Snap shot by Frederick Gaudreau.
15:34 of 3rd period - Goal by Frederick Gaudreau - San Jose Sharks : 4 - Montreal Canadiens : 5.
15:35 of 3rd period - Christian Dvorak wins face-off versus Jake Evans in neutral zone.
16:07 of 3rd period - Slapshot by Adam Henrique.
16:07 of 3rd period - Stopped by Jacob Markstrom with a rebound.
16:44 of 3rd period - Vladislav Namestnikov is hit by Joseph Veleno and loses puck.
17:13 of 3rd period - Wrist shot by Jaden Schwartz.
17:13 of 3rd period - Shot Misses the Net.
17:28 of 3rd period - Minor Penalty to Tyler Myers for Holding.
17:29 of 3rd period - Dylan Larkin wins face-off versus Dylan Strome in Montreal Canadiens zone.
17:56 of 3rd period - Icing by Dylan Strome.
17:57 of 3rd period - Dylan Larkin wins face-off versus Adam Henrique in San Jose Sharks zone.
18:02 of 3rd period - Wrist shot by Dylan Larkin.
18:02 of 3rd period - Stopped by Ilya Samsonov without a rebound.
18:03 of 3rd period - Dylan Larkin wins face-off versus Adam Henrique in San Jose Sharks zone.
18:26 of 3rd period - Backhand shot by Rickard Rakell.
18:26 of 3rd period - Shot Misses the Net.
18:28 of 3rd period - Slapshot by Dmitry Orlov.
18:28 of 3rd period - Shot Blocked by Claude Giroux.
18:30 of 3rd period - San Jose Sharks, Ilya Samsonov is pulled from the net.
18:30 of 3rd period - Slapshot by Joel Edmundson.
18:30 of 3rd period - Shot Misses the Net.
18:32 of 3rd period - Snap shot by Adam Henrique.
18:32 of 3rd period - Goal by Adam Henrique - San Jose Sharks : 5 - Montreal Canadiens : 5.
18:32 of 3rd period - Ilya Samsonov from San Jose Sharks was sent back in the game.
18:33 of 3rd period - Christian Dvorak wins face-off versus Jake Evans in neutral zone.
19:08 of 3rd period - Off-side.
19:09 of 3rd period - Christian Dvorak wins face-off versus Jake Evans in neutral zone.
19:34 of 3rd period - Jonathan Marchessault is hit by Dylan Strome and loses puck.
Goals for this period are 3 for San Jose Sharks vs 1 for Montreal Canadiens.
Shots for this period are 11 for San Jose Sharks vs 16 for Montreal Canadiens.
Overtime #1
0:01 of 1st overtime period - Adam Henrique wins face-off versus Vincent Trocheck in neutral zone.
0:11 of 1st overtime period - Off-side.
0:12 of 1st overtime period - Dylan Larkin wins face-off versus Rickard Rakell in neutral zone.
0:48 of 1st overtime period - Snap shot by Jonathan Marchessault.
0:48 of 1st overtime period - Stopped by Ilya Samsonov without a rebound.
0:49 of 1st overtime period - Adam Henrique wins face-off versus Dylan Larkin in San Jose Sharks zone.
1:00 of 1st overtime period - Wrist shot by Adam Henrique.
1:00 of 1st overtime period - Shot Misses the Net.
1:02 of 1st overtime period - Snap shot by Christopher Tanev.
1:02 of 1st overtime period - Stopped by Jacob Markstrom with a rebound.
1:04 of 1st overtime period - Slapshot by Sean Durzi.
1:04 of 1st overtime period - Deflect By Adam Henrique.
1:04 of 1st overtime period - Shot Misses the Net.
1:04 of 1st overtime period - Puck is out of play.
1:05 of 1st overtime period - Vincent Trocheck wins face-off versus Adam Henrique in Montreal Canadiens zone.
2:01 of 1st overtime period - Wrist shot by Dylan Larkin.
2:01 of 1st overtime period - Stopped by Ilya Samsonov with a rebound.
2:03 of 1st overtime period - Wrist shot by Patrik Laine.
2:03 of 1st overtime period - Shot Blocked by Dylan Strome.
2:05 of 1st overtime period - Slapshot by Damon Severson.
2:05 of 1st overtime period - Shot Misses the Net.
2:07 of 1st overtime period - Slapshot by Dylan Larkin.
2:07 of 1st overtime period - Goal by Dylan Larkin - San Jose Sharks : 5 - Montreal Canadiens : 6.
Goals for this period are 0 for San Jose Sharks vs 1 for Montreal Canadiens.
Shots for this period are 1 for San Jose Sharks vs 3 for Montreal Canadiens.
Back to the Top